 Dungeon Crawl Stone Soup version 0.31-a0-210-gccc998df9b (webtiles) character file.

Game seed: 1450468838643996729

72 qw the Shooter (level 4, -3/26 HPs)
             Began as a Gargoyle Hexslinger on June 30, 2023.
             Killed from afar by Natasha (5 damage)
             ... with a puff of flame
             ... on level 2 of the Dungeon.
             The game lasted 00:00:33 (840 turns).

qw the Shooter (Gargoyle Hexslinger)                 Turns: 840, Time: 00:00:33

Health: -3/26      AC:  6    Str: 11    XL:     4   Next: 26%
Magic:  5/5        EV: 11    Int: 14    God:
Gold:   60         SH:  0    Dex: 14    Spells: 4/5 levels left

rFire   + . .        Y - +1 sling
rCold   . . .        (no shield)
rNeg    + . .        h - +0 leather armour
rPois   inf          (no helmet)
rElec   +            (no cloak)
rCorr   .            (no gloves)
SInv    .            (no boots)
Will    .....        (no amulet)
Stlth   +            i - ring of protection from fire
HPRegen 0.24/turn    (no ring)
MPRegen 0.09/turn

%: no passive effects
@: slowed, very slow
A: sickness immunity, AC +3, negative energy resistance 1, electricity
resistance, torment resistance 1, petrification resistance
a: no special abilities


You were on level 2 of the Dungeon.
You visited 1 branch of the dungeon, and saw 2 of its levels.

You collected 60 gold pieces.


Innate Abilities, Weirdness & Mutations

You are immune to sickness and miasma.
Your stone body is resilient. (AC +3)
You are immune to poison.
You resist negative energy. (rN+)
You are resistant to electric shocks. (rElec)
You are resistant to unholy torment.
You are immune to petrification.


   Skills:
 - Level 2.0 Fighting
 + Level 4.1 Ranged Weapons
 - Level 1.5 Dodging
 - Level 1.0 Spellcasting
 - Level 2.6 Hexes


You had 4 spell levels left.
You knew the following spells:

 Your Spells              Type           Power      Damage    Failure   Level
a - Slow                  Hex            32%        N/A       12%         1

Your spell library contained the following spells:

 Spells                   Type           Power      Damage    Failure   Level
 Inner Flame              Hex/Fire       4%         N/A       52%         3
 Portal Projectile        Hex/Tloc       8%         N/A       52%         3
 Cause Fear               Hex            4%         N/A       75%         4

Inventory:

Hand Weapons
 Y - a +1 sling (weapon)
Armour
 h - a +0 leather armour (worn)
Jewellery
 i - a ring of protection from fire (left hand)
Potions
 f - a potion of degeneration {unknown}

Dungeon Overview and Level Annotations

Branches:
Dungeon (2/15)

Altars:

Annotations:
D:2 Natasha


Message History

Natasha, Servant of Life and Death comes into view.
She is carrying a wand of flame (19).
Enter note:
Enter note:
Enter note: You shoot a sling bullet.
The sling bullet hits Natasha.
Natasha hisses angrily.
Natasha is moderately wounded.
You shoot a sling bullet. The sling bullet barely misses Natasha.
Natasha zaps a wand.
The puff of flame hits you. You resist.
You shoot a sling bullet. The sling bullet barely misses Natasha.
You shoot a sling bullet. The sling bullet hits Natasha.
Natasha is moderately wounded.
Natasha claws you but does no damage.
You shoot a sling bullet. The sling bullet hits Natasha!
Natasha is severely wounded.
Natasha claws you but does no damage.
You shoot a sling bullet. The sling bullet hits Natasha.
Natasha is almost dead.
Natasha closely misses you.
Natasha zaps a wand.
The puff of flame hits you. You resist.
You shoot a sling bullet.
The sling bullet hits Natasha but does no damage.
Natasha is almost dead.
Natasha zaps a wand.
The puff of flame hits you. You resist.
You shoot a sling bullet. The sling bullet barely misses Natasha.
Natasha misses you.
You shoot a sling bullet. The sling bullet barely misses Natasha.
Natasha claws you!
You shoot a sling bullet. The sling bullet barely misses Natasha.
Natasha claws you!
You shoot a sling bullet. The sling bullet hits Natasha.
Natasha is almost dead.
Natasha barely misses you.
Natasha stares at you and mumbles some strange words.
You feel yourself slow down.
You shoot a sling bullet. The sling bullet barely misses Natasha.
Natasha growls.
Natasha zaps a wand.
The puff of flame hits you. You resist.
Natasha zaps a wand.
The puff of flame hits you. You resist.
You die...

..###..#...# ..
#.# ##.....# #.#
###...# #<#
#...####### ###
#...##....#
###..##.##.#
#........#.#####.#
#................#
#.......##@(...##
#..........h##.#
#......#####...
####......# ....
#.........# ....#
#.........# ..#..
#....###### .# .
#....# ## #....#


You could see Natasha.

Vanquished Creatures
  3 gnolls (D:2)
  2 dart slugs (D:1)
  5 bats (D:1)
  2 endoplasms
  A giant cockroach (D:1)
  5 goblins (D:1)
  4 hobgoblins (D:1)
  A quokka (D:1)
  4 ball pythons
  2 frilled lizards (D:2)
  5 kobolds
  5 rats
39 creatures vanquished.

Notes
Turn   | Place    | Note
-------+----------+-------------------------------------------
     0 | D:1      | qw the Gargoyle Hexslinger began the quest for the Orb.
     0 | D:1      | Reached XP level 1. HP: 12/12 MP: 2/2
     0 | D:1      | 0 ||| qw: Version: 0.3-a-26-gee661ec
     0 | D:1      | 0 ||| qw: Game counter: 7302
     0 | D:1      | 0 ||| qw: Melee chars always use a shield: true
     0 | D:1      | 0 ||| qw: God list: Okawaru
     0 | D:1      | 0 ||| qw: Allow faded altars: false
     0 | D:1      | 0 ||| qw: Do Orc after clearing Dungeon:15 true
     0 | D:1      | 0 ||| qw: Do second Lair branch before Depths: true
     0 | D:1      | 0 ||| qw: Lair rune preference: random
     0 | D:1      | 0 ||| qw: Goals: Normal
     0 | D:1      | 0 ||| PLANNING D:1-11
    78 | D:1      | Reached XP level 2. HP: 16/16 MP: 3/3
   117 | D:1      | Reached skill level 3 in Ranged Weapons
   205 | D:1      | Reached XP level 3. HP: 19/21 MP: 4/4
   485 | D:1      | 485 ||| UPGRADING to +0 leather armour.
   495 | D:1      | 495 ||| DROPPING +0 robe.
   496 | D:1      | 496 ||| UPGRADING to ring of protection from fire.
   497 | D:1      | 497 ||| READING scroll labelled TUZOBB KAAWK.
   498 | D:1      | 498 ||| READING scroll labelled ESUSTR EPHAXOM.
   499 | D:1      | 499 ||| READING scroll labelled LOLYIC EHOAW FUWK.
   504 | D:1      | 504 ||| READING scroll labelled WIQ CIALUEGI.
   505 | D:1      | 505 ||| DROPPING scroll of poison.
   666 | D:2      | 666 ||| Stepping ~*~*~tactically~*~*~ (outnumbered).
   678 | D:2      | Reached XP level 4. HP: 9/26 MP: 5/5
   680 | D:2      | HP: 5/26 [gnoll/+0 spear (3)]
   680 | D:2      | HP: 2/26 [gnoll/+0 spear (3)]
   683 | D:2      | Reached skill level 4 in Ranged Weapons
   828 | D:2      | Noticed Natasha
   838 | D:2      | HP: 3/26 [Natasha (8)]
   840 | D:2      | Killed from afar by Natasha

Levels and vault maps discovered:
D:1:      tekkud_arrival_beachfront_property, layout_rooms, st_stairs_6
D:2:      layout_basic, ebering_ecumenical_altar_sacrificial, serial_shops,
          shop, st_stairs_11, minmay_tiny_reverse_x, uniq_natasha

Skill      XL: |  1  2  3  4 |
---------------+-------------+-----
Ranged Weapons | 3 4 |  4.1
Fighting       | 2 |  2.0
Dodging        | |  1.5
Spellcasting   | |  1.0
Hexes          | |  2.6

Action                     |  1- 3 |  4- 6 || total
---------------------------+-------+-------++-------
   Fire: Sling             |   130 |    17 ||   147
    Use: Scroll            |     4 |       ||     4
 Armour: Robe              |    10 |       ||    10
         Leather armour    |     2 |     2 ||     4
  Dodge: Dodged            |    28 |     5 ||    33

Table legend:
 A = Non-vault XP
 B = Vault XP
 C = Vault XP percentage of total XP
 D = Non-vault monster count
 E = Vault monster count
 F = Vault count percentage of total count
                 A         B        C        D         E       F
            +---------+---------+-------+---------+---------+-------
      Total |     100 |       4 |   3.8 |      36 |       3 |   7.7
            +---------+---------+-------+---------+---------+-------
        D:1 |      49 |       2 |   3.9 |      27 |       1 |   3.6
        D:2 |      51 |       2 |   3.8 |       9 |       2 |  18.2
            +---------+---------+-------+---------+---------+-------
